 Dungeon Crawl Stone Soup version 0.19.4-10-g532645f (webtiles) character file.

1404 volk64 the Vandal (level 8, -2/64 HPs)
             Began as a Deep Dwarf Hunter on Feb 25, 2017.
             Was a Follower of Hepliaklqana.
             Slain by an orc warrior
             ... wielding a +0 short sword
              (5 damage)
             ... on level 6 of the Dungeon.
             The game lasted 00:44:06 (4703 turns).

volk64 the Vandal (Deep Dwarf Hunter)               Turns: 4703, Time: 00:44:07

Health: -2/64      AC:  6    Str: 21    XL:     8   Next: 42%
Magic:  8/8        EV: 13    Int: 13    God:    Hepliaklqana [*.....]
Gold:   250        SH:  2    Dex: 14    Spells: 1 memorised, 4 levels left

rFire  . . .     SeeInvis .     K - +1 scimitar (freeze)
rCold  . . .     Gourm    .     A - +0 troll leather armour {Purgy}
rNeg   + . .     Faith    .     (no shield)
rPois  .         Spirit   .     z - +0 helmet
rElec  .         Reflect  +     (no cloak)
rCorr  .         Harm     .     o - +0 pair of gloves
MR     +....                    (no boots)
Stlth  ++........               m - +2 amulet of reflection
                                (no ring)
                                H - ring of positive energy

@: mighty, non-regenerating, drained
A: damage resistance, recharge devices, reduced essence, claws 1, hooves 1,
sense surroundings 1, slow regeneration 3
a: Device Recharging, Recall Ancestor, Ancestor Identity, Renounce Religion


You were on level 6 of the Dungeon.
You worshipped Hepliaklqana.
Hepliaklqana was aware of your devotion.
You were hungry.

You visited 2 branches of the dungeon, and saw 7 of its levels.
You also visited: Sewer.

You collected 250 gold pieces.

Inventory:

Hand Weapons
 a - a +1 hunting sling
 q - a +0 short sword of draining
 w - a +0 flail of protection
 K - a +1 scimitar of freezing (weapon)
Missiles
 d - 40 sling bullets
 g - 230 stones (quivered)
Armour
 c - a +0 leather armour
 i - a +0 ring mail of fire resistance
 o - a +0 pair of gloves (worn)
 x - a +2 leather armour of fire resistance
 z - a +0 helmet (worn)
 A - a +0 troll leather armour (worn) {Purgy}
Jewellery
 m - a +2 amulet of reflection (around neck)
 v - an uncursed ring of protection from fire {unknown}
 y - a +3 amulet of reflection
 H - a ring of positive energy (left hand)
Wands
 e - a wand of heal wounds (0/9)
 r - a wand of teleportation (3/9)
 I - a wand of acid (4/15)
Scrolls
 p - 2 scrolls of remove curse
 u - a scroll of magic mapping
 B - a scroll of fear
 D - a scroll of teleportation
 E - 2 scrolls of identify
Potions
 j - a potion of curing
 s - a potion of magic
 F - a potion of resistance
 J - a potion of ambrosia
Books
 G - a book of the Warp

   Spells                             Type                      Level
   a - Gell's Gravitas                Hexes/Translocation          3
   b - Portal Projectile              Translocation                3
   c - Force Lance                    Conjuration/Translocation    4
   d - Dispersal                      Translocation                6
   e - Controlled Blink               Translocation                8
   f - Disjunction                    Translocation                8
Comestibles
 b - 3 fruits
 f - 3 bread rations
 h - 2 beef jerkies
 k - a slice of pizza
 l - a meat ration
 n - a royal jelly


   Skills:
 + Level 4.0(3.3) Fighting
 + Level 4.4(3.7) Short Blades
 + Level 0.2(2.3) Long Blades
 + Level 7.3(6.6) Slings
 + Level 1.0(3.2) Throwing
 + Level 4.0(3.3) Armour
 + Level 4.1(3.4) Dodging
 + Level 3.1(2.4) Stealth
 + Level 0.4(0.0) Spellcasting
 + Level 0.2(0.0) Translocations
 + Level 1.5(0.8) Evocations


You had 4 spell levels left.
You knew the following spells:

 Your Spells              Type           Power        Failure   Level  Hunger
a - Portal Projectile     Tloc           #.....       90%         3    ####...


Dungeon Overview and Level Annotations

Branches:
Dungeon (6/15)             Temple (1/1) D:4

Altars:
Ashenzari
Cheibriados
Elyvilon
Fedhas
Gozag
Hepliaklqana
Kikubaaqudgha
Makhleb
Okawaru
Ru
Sif Muna
Uskayaw
Vehumet
Yredelemnul
Zin
The Shining One


Innate Abilities, Weirdness & Mutations

You are resistant to damage.
You can recharge devices by infusing magical energy.
You passively map a small area around you.
You do not regenerate.
Your life essence is reduced. (-10% HP)
You have sharp fingernails.
You have large cloven feet.


Message History

Pezoncitos hits the orc warrior.
You hit the orc warrior but do no damage.
Your kick misses the orc warrior.
The orc warrior is severely wounded.
The orc wizard casts a spell.
The orc wizard blinks!
The orc warrior hits you with a short sword!
* * * LOW HITPOINT WARNING * * *
Pezoncitos hits the orc warrior.
An orc priest comes into view. It is wielding a flail.
Evoke which item? (* to show all) (? for menu, Esc to quit)
Okay, then.
You feel better.
The orc warrior hits you with a short sword!
* * * LOW HITPOINT WARNING * * *
Pezoncitos hits the orc warrior but does no damage.
An orc comes into view. It is wielding a mace of crushing.
You feel very mighty all of a sudden.
The orc warrior hits you with a short sword.
You die...

#.......# #.
*#.......# ## * #..
*.....o... .##...##
....* ##...o(#$/..
........
#..###....(##..###,
, ##.....#
#.......o.##o ,
##...# ...oR......*
* #....#
*#..o...... *
##....# #.@......#
* ......##
##.#####...
.......## #..# ** ,
........## #..# * ,
, .........## ##.##
...##.....###..# *
######......#.## *
##.#.....#
#..##...# *


You could see the friendly Pezoncitos the ancestor, an orc warrior, an orc
priest, an orc wizard and 3 orcs.

Vanquished Creatures
  Sigmund (D:2)
  A water moccasin (D:6)
  Purgy (Sewer)
  An ogre (D:5)
  4 wights (D:6)
  A howler monkey (D:5)
  2 crimson imps (D:5)
  A bullfrog zombie (D:5)
  A hound (D:3)
  A jelly (D:6)
  An orc wizard (D:3)
  A worker ant (D:5)
  Ijyb (D:2)
  A hound skeleton (D:4)
  4 gnolls
  10 adders
  An ooze (D:1)
  3 worms
  3 dart slugs
  3 leopard geckos
  9 orcs
  5 bats
  6 giant cockroaches
  4 hobgoblins
  13 jackals
  12 kobolds
  2 quokkas
  6 ball pythons
  6 frilled lizards
  6 goblins
  10 rats
121 creatures vanquished.

Vanquished Creatures (collateral kills)
  A centaur (D:5)
  A howler monkey (D:5)
  A wight (D:6)
  A centaur zombie (D:6)
  A jelly (D:5)
  A hound (D:5)
  A worker ant (D:5)
  2 orcs (D:5)
9 creatures vanquished.

Vanquished Creatures (others)
  An ancestor (D:6)
1 creature vanquished.

Grand Total: 131 creatures vanquished

Notes
Turn   | Place    | Note
-------+----------+-------------------------------------------
     0 | D:1      | volk64 the Deep Dwarf Hunter began the quest for the Orb.
     0 | D:1      | Reached XP level 1. HP: 19/19 MP: 1/1
    97 | D:1      | Reached XP level 2. HP: 26/26 MP: 2/2
   357 | D:1      | Reached skill level 1 in Armour
   514 | D:1      | Reached XP level 3. HP: 19/32 MP: 3/3
   927 | D:2      | Noticed Sigmund
   945 | D:2      | Reached skill level 5 in Slings
   992 | D:2      | Killed Sigmund
   992 | D:2      | Reached skill level 1 in Short Blades
   992 | D:2      | Reached XP level 4. HP: 13/40 MP: 4/4
   992 | D:2      | Reached XP level 5. HP: 15/46 MP: 5/5
  1190 | D:2      | Reached skill level 1 in Evocations
  1362 | D:2      | Noticed Ijyb
  1441 | D:2      | Killed Ijyb
  1441 | D:2      | Reached XP level 6. HP: 31/55 MP: 6/6
  2131 | D:3      | Reached skill level 6 in Slings
  2967 | D:4      | Found a glowing drain.
  3000 | Sewer    | Entered a sewer
  3045 | Sewer    | Noticed Purgy
  3060 | Sewer    | Killed Purgy
  3060 | Sewer    | Reached XP level 7. HP: 44/62 MP: 8/8
  3392 | D:4      | Found a staircase to the Ecumenical Temple.
  3400 | Temple   | Entered the Ecumenical Temple
  3474 | Temple   | Became a worshipper of Hepliaklqana the Forgotten
  3751 | D:5      | Entered Level 5 of the Dungeon
  3955 | D:5      | Found a blossoming altar of Fedhas.
  3956 | D:5      | Found a hide-covered altar of Uskayaw.
  4112 | D:5      | Reached skill level 7 in Slings
  4179 | D:5      | Reached XP level 8. HP: 35/64 MP: 9/9
  4309 | D:5      | Learned a level 3 spell: Portal Projectile
  4350 | D:5      | Gained mutation: You have sharp fingernails. [potion of beneficial mutation]
  4351 | D:5      | Gained mutation: You have large cloven feet. [potion of beneficial mutation]
  4467 | D:6      | Reached * piety under Hepliaklqana
  4577 | D:6      | Reached skill level 1 in Throwing
  4702 | D:6      | HP: 3/64 [orc warrior/short sword (16)]
  4703 | D:6      | Slain by an orc warrior

Skill      XL: |  1  2  3  4  5  6  7  8 |
---------------+-------------------------+-----
Fighting       | 2 3 4 |  4.0
Armour         | 1 2 3 4 |  4.0
Slings         | 5 6 7 |  7.3
Short Blades   | 1 2 3 4 |  4.4
Dodging        | 3 4 |  4.1
Evocations     | 1 |  1.5
Stealth        | 2 3 |  3.1
Throwing       | 1 |  1.0
Long Blades    | |  0.2
Spellcasting   | |  0.4
Translocations | |  0.2

Action                   |  1- 3 |  4- 6 |  7- 9 || total
-------------------------+-------+-------+-------++-------
Melee: Short sword       |   116 |   150 |   146 ||   412
       Kick              |       |       |    19 ||    19
       Scimitar          |       |       |     6 ||     6
 Fire: Hunting sling     |    49 |    85 |    24 ||   158
Throw: Stone             |       |     7 |    20 ||    27
Invok: Ancestor Identity |       |       |     1 ||     1
 Abil: Device Recharging |       |       |     1 ||     1
Evoke: Wand              |     6 |     4 |     7 ||    17
  Use: Scroll            |     3 |     5 |     7 ||    15
       Potion            |       |     6 |     5 ||    11
 Stab: Distracted        |       |       |     3 ||     3
       Sleeping          |       |       |     1 ||     1
  Eat: Chunk             |       |     7 |     5 ||    12
Armor: Leather armour    |    69 |    43 |       ||   112
       Troll leather arm |       |       |    28 ||    28
Dodge: Dodged            |   145 |   101 |    80 ||   326
Block: Other             |     5 |    14 |     7 ||    26
       Rpst.: Scimitar   |       |       |     1 ||     1
